 Dungeon Crawl Stone Soup version 0.17-a0-131-ga9cda9c (webtiles) character file.

602 xeno23 the Chiller (level 7, -4/51 HPs)
             Began as a Merfolk Ice Elementalist on Mar 24, 2015.
             Killed from afar by a smoke demon (5 damage)
             ... with a sticky flame
             ... summoned by miscasting Summon Ice Beast
             ... on level 4 of the Dungeon.
             The game lasted 00:32:32 (5438 turns).

xeno23 the Chiller (Merfolk Ice Elementalist)       Turns: 5438, Time: 00:32:33

Health: -4/51      AC:  2    Str:  8    XL:     7   Next: 41%
Magic:  11/15      EV: 14    Int: 17    God:
Gold:   188        SH:  0    Dex: 14    Spells: 4 memorised, 3 levels left

rFire  . . .     SeeInvis .     t - +2 dagger (freeze)
rCold  + + .     Clarity  .     a - +0 robe (curse)
rNeg   . . .     SustAb   .     (no shield)
rPois  +         Gourm    .     (no helmet)
rElec  +         Spirit   .     (no cloak)
rCorr  +         Warding  .     (no gloves)
rMut   .         Stasis   .     (no boots)
MR     .....                    (no amulet)
Stlth  ++........               i - ring of stealth
                                d - ring of ice

@: liquid flames, resistant, very slightly contaminated, glowing, not resistant
to hostile enchantments, unstealthy
A: change form in water, swift swim
a: no special abilities


You were on level 4 of the Dungeon.
You were not hungry.

You visited 2 branches of the dungeon, and saw 6 of its levels.

You collected 188 gold pieces.

Inventory:

Hand weapons
 t - a +2 dagger of freezing (weapon)
 y - a +0 dagger of venom
 H - a +1 long sword of holy wrath
 I - a +0 trident
Missiles
 e - 18 stones
 F - 2 tomahawks of returning (quivered)
Armour
 a - a cursed +0 robe (worn)
 x - a cursed +0 leather armour
Jewellery
 d - a ring of ice (left hand)
 i - a ring of stealth (right hand)
Magical devices
 G - a wand of frost (29)
Scrolls
 f - a scroll of identify
 m - a scroll of enchant armour {unknown}
 q - 3 scrolls of amnesia {unknown}
 u - a scroll of magic mapping {unknown}
 A - a scroll of random uselessness {unknown}
 B - a scroll of fog {unknown}
 E - a scroll of immolation {unknown}
Potions
 g - a potion of flight
 h - a potion of mutation {unknown}
 j - 2 potions of brilliance
 k - a potion of ambrosia {unknown}
 l - a potion of curing {unknown}
 n - a potion of magic {unknown}
 o - 2 potions of restore abilities {unknown}
 r - 2 potions of cure mutation {unknown}
 s - 2 potions of resistance
 v - a potion of berserk rage {unknown}
 w - 2 potions of lignification {unknown}
Books
 b - a book of Frost

   Spells                             Type                      Level
   a - Freeze                         Ice                          1
   b - Throw Frost                    Conjuration/Ice              2
   c - Ozocubu's Armour               Charms/Ice                   3
   d - Throw Icicle                   Conjuration/Ice              4
   e - Summon Ice Beast               Ice/Summoning                4
   f - Condensation Shield            Ice                          4
Comestibles
 c - 3 bread rations
 p - a slice of pizza
 z - a meat ration
 C - a beef jerky
 D - 4 chunks of flesh


   Skills:
 * Level 2.9 Fighting
 + Level 3.8 Dodging
 + Level 3.5 Stealth
 * Level 3.6 Spellcasting
 * Level 2.3 Conjurations
 * Level 2.6 Charms
 * Level 1.0 Summonings
 * Level 4.9 Ice Magic


You had 3 spell levels left.
You knew the following spells:

 Your Spells              Type           Power        Failure   Level  Hunger
a - Freeze                Ice            ####         2%          1    None
b - Ozocubu's Armour      Chrm/Ice       ###.....     12%         3    ###....
c - Summon Ice Beast      Ice/Summ       ###.....     58%         4    ####...
q - Throw Frost           Conj/Ice       ###...       6%          2    ##.....


Dungeon Overview and Level Annotations

Branches:
Dungeon (5/15)             Temple (1/1) D:5

Altars:
Ashenzari
Cheibriados
Dithmenos
Elyvilon
Gozag
Kikubaaqudgha
Qazlal
Ru
Xom
Yredelemnul
Zin
The Shining One


Message History

The sticky flame hits you! The fire burns you terribly!
You are covered in liquid flames!
You are covered in liquid flames!
The phantom blinks!
You are covered in liquid flames!
You are covered in liquid flames!
The smoke demon gestures at you. Something smites you!
* * * LOW HITPOINT WARNING * * *
Unknown command.
Drink which item? (? for menu, Esc to quit)
It was a potion of resistance.
You feel protected.
You are covered in liquid flames!
* * * LOW HITPOINT WARNING * * *
The phantom blinks!
The smoke demon gestures at you. The sticky flame hits you!
You are covered in liquid flames!
You die...

#### #.....[.# #
#...(#.W# #
#....#..# #
#....#[ยง# #
#########[## #
#......##.3# #
#......##..# #
#......##..#
#######......###@#
................>#
#######......#####
#......# #......#
########


You could see a smoke demon and a phantom.

Vanquished Creatures
  A sky beast (D:5)
  An ogre (D:4)
  2 orc priests
  A worker ant (D:5)
  5 orc wizards
  A mummy (D:3)
  4 adders
  A giant mite (D:1)
  3 worms
  A giant gecko (D:3)
  An ooze (D:3)
  20 orcs
  A bat skeleton (D:4)
  5 giant cockroaches
  7 goblins
  8 hobgoblins
  8 jackals
  2 quokkas (D:3)
  3 ball pythons
  A ball python skeleton (D:4)
  14 bats
  6 giant newts
  17 kobolds
  10 rats
123 creatures vanquished.

Notes
Turn   | Place    | Note
--------------------------------------------------------------
     0 | D:1      | xeno23, the Merfolk Ice Elementalist, began the quest for the Orb.
     0 | D:1      | Reached XP level 1. HP: 13/13 MP: 3/3
   339 | D:1      | Reached XP level 2. HP: 18/20 MP: 0/4
   343 | D:1      | Learned a level 2 spell: Throw Frost
   612 | D:1      | Reached skill level 1 in Fighting
   648 | D:1      | Reached XP level 3. HP: 16/26 MP: 1/6
   699 | D:1      | Learned a level 3 spell: Ozocubu's Armour
  1476 | D:2      | Reached skill level 1 in Conjurations
  1997 | D:2      | Reached skill level 1 in Charms
  1997 | D:2      | Reached XP level 4. HP: 23/32 MP: 0/8
  2290 | D:3      | Found a stormy altar of Qazlal.
  2720 | D:3      | Reached XP level 5. HP: 28/38 MP: 6/9
  2945 | D:3      | Found a sacrificial altar of Ru.
  3296 | D:4      | Found an opulent altar of Gozag.
  3645 | D:4      | Noticed an ogre
  3662 | D:4      | Reached skill level 4 in Ice Magic
  3750 | D:4      | Reached XP level 6. HP: 26/44 MP: 0/12
  3883 | D:4      | Learned a level 4 spell: Summon Ice Beast
  3895 | D:4      | Killed an ogre
  4131 | D:4      | Noticed a phantom
  4411 | D:5      | Entered Level 5 of the Dungeon
  4651 | D:5      | Found a staircase to the Ecumenical Temple.
  4673 | Temple   | Entered the Ecumenical Temple
  4807 | D:5      | Reached XP level 7. HP: 37/51 MP: 9/15
  4979 | D:5      | Found a shimmering altar of Xom.
  5209 | D:5      | Reached skill level 1 in Summonings
  5432 | D:4      | Noticed a smoke demon
  5438 | D:4      | HP: 1/51 [burnt (3)]
  5438 | D:4      | Killed from afar by a smoke demon

Action                   |  1- 3 |  4- 6 |  7- 9 || total
-------------------------+-------+-------+-------++-------
Melee: Dagger            |    20 |   168 |    26 ||   214
       Unarmed           |     2 |       |       ||     2
       Short sword       |    79 |    13 |       ||    92
Throw: Stone             |       |     4 |       ||     4
       Tomahawk          |       |       |     2 ||     2
 Cast: Freeze            |    31 |    60 |    12 ||   103
       Throw Frost       |     1 |     8 |     1 ||    10
       Ozocubu's Armour  |       |    11 |     1 ||    12
  Use: Scroll            |       |     4 |       ||     4
       Potion            |       |       |     1 ||     1
 Stab: Sleeping          |     4 |     8 |     3 ||    15
       Distracted        |     1 |       |       ||     1
  Eat: Chunk             |     4 |    11 |     2 ||    17
